woodfighter, lawful male human Monk H ---- ---------------- |%.| |...........*..| |..| |..----------..| --------- ------------------ ----..------|..|--------|..| |........ |................. |.....|.....|%.|........|..| |..----.H| |.<-------------.. |..---|..|..|.%|..----[.|.^| |..---|.@| |..------------|.. ------- |..----..|%.|..|..| |..|.*| |.....|... |.....%...%....|.. |....>| |.......^|.....|..| .`...| ----T.---- -------------..|.. |..|..| ---------------|.. ---- |..-------------------..|..----^.|..-------------------(. |..%....................|........|....................... --------------------------------------------------------- woodfighter the Student of Stones Experience level: 12 Strength: 18/27 Dexterity: 16 Constitution: 17 Intelligence: 13 Wisdom: 18 Charisma: 9 Health: 0(81) Energy: 72(72) Def: 16 Gold: 0 Moves: 16320 Dungeon seed: U6iNsyh2EHzE3nwu Game ID: woodfighter_1533713001 Your Inventory: Weapons l - 11 blessed +0 shuriken (in quiver) Armor e - an uncursed +0 pair of leather gloves n - an uncursed +1 robe (being worn) z - an uncursed +0 pair of elven boots (being worn) D - an uncursed +2 pair of leather gloves (being worn) Y - a blessed +2 dented pot (being worn) Comestibles t - 3 uncursed food rations Z - an uncursed lizard corpse Rings c - an uncursed ring of free action (on left hand) j - an uncursed ring of cold resistance P - an uncursed ring of cold resistance (on right hand) Wands d - a wand of digging (0:4) f - a wand of teleportation (0:2) g - a wand of sleep (0:6) h - a wand of lightning (0:5) V - a wand of opening (0:7) Tools b - an uncursed stethoscope m - the blessed Orb of Detection (0:3) q - a +0 unicorn horn s - a blessed bag of holding y - an uncursed skeleton key F - a +0 pick-axe (alternate weapon; not wielded) M - a blessed magic lamp W - an uncursed towel Gems a - an uncursed jade k - 2 uncursed jaspers r - a blessed luckstone N - an uncursed obsidian Q - a blessed touchstone Contents of the bag of holding: 1536 gold pieces an uncursed [+0] mummy wrapping an uncursed eucalyptus leaf an uncursed lizard corpse 3 uncursed sprigs of wolfsbane a blessed scroll of remove curse a [uncursed] spellbook of light a [uncursed] potion of confusion a [uncursed] potion of extra healing an uncursed bugle an uncursed [+0] unicorn horn Spells and supernatural/magical abilities: Name Level Category Fail Memory h - healing 1 healing 0% 19% W - pray for help -- divine ? -- Your skills at the end: Miscellaneous Skills martial arts [Grand Master] wands [Basic] Weapon Skills shuriken [Basic] Spellcasting Skills healing spells [Basic] Final Attributes: You were devoutly aligned. You were fire resistant. You were cold resistant. You were sleep resistant. You were shock resistant. You were poison resistant. You were magic-protected. You saw invisible. You were telepathic. You were warned. You had automatic searching. You were very stealthy. You were protected. You were fast. You had free action. You were extremely lucky. You had extra luck. Good luck did not time out for you. You are dead. Vanquished creatures: Medusa a young blue dragon a trapper a baby silver dragon a gryphon 2 captains a clay golem a nurse an Aleax 3 frost giants a black pudding a ghost a winged gargoyle 2 giant mimics a fire giant a rock troll 2 umber hulks a doppelganger 3 large mimics a long worm 3 stalkers an air elemental a fire elemental 15 earth elementals a hill giant 4 elf-lords 4 xorns a giant zombie 3 sergeants 2 wargs a winter wolf 2 quantum mechanics 2 small mimics 2 warhorses 3 xans an ettin mummy 3 trolls a sasquatch 2 freezing spheres 4 flaming spheres 2 large cats 4 tigers 2 gargoyles a gelatinous cube an ochre jelly a chameleon 2 leocrottas 2 energy vortices 2 elf mummies a human mummy a red naga 5 Grey-elves 2 pit vipers 2 cobras 2 wraiths a leather golem 21 soldiers 2 giant beetles 2 cockatrices 4 wolves 4 winter wolf cubs a black light a panther 21 gremlins 2 leprechauns 2 lizards 3 mountain nymphs 2 orc-captains a mumak 2 giant spiders a scorpion 2 iron piercers an ice vortex a vampire bat a forest centaur 5 gnome kings a dwarf mummy a Green-elf a rust monster 2 owlbears 2 gold golems a werewolf 5 piranhas 2 chickatrices a dingo a housecat 4 water nymphs 3 gray unicorns 3 dust vortices 27 ravens 3 plains centaurs 6 Woodland-elves 2 snakes an ape a rope golem 31 soldier ants a yellow light an imp 2 wood nymphs 7 Mordor orcs 2 Uruk-hai 12 orc shamans a rock mole 4 rock piercers 2 ponies a fog cloud a shrieker a violet fungus 11 gnome lords 9 gnomish wizards a kobold mummy a golden naga hatchling 2 gray oozes a barrow wight 6 elf zombies 3 ghouls 2 paper golems 16 giant ants a puppy 4 floating eyes 4 kittens 7 dwarves 4 homunculi 2 kobold shamans 11 iguanas 34 hill orcs 9 rothes a rabid rat a centipede 4 jitterbugs 2 giant bats 10 monkeys 4 orc zombies 2 dwarf zombies a werejackal 15 killer bees 3 coyotes 2 hobbits 2 acid blobs a large kobold 9 geckos 8 hobgoblins 3 giant rats 2 cave spiders a brown mold 6 yellow molds 2 green molds 54 gnomes 9 garter snakes 2 gnome zombies 13 jackals 4 kobolds 14 newts 12 goblins 7 sewer rats 12 grid bugs 6 bats 10 lichens 8 kobold zombies 684 creatures vanquished. Voluntary challenges: You were vegetarian. You did not cause conflict. You were not invisible. You did not have reflection. You were not displaced. You never hit with a wielded weapon. You did not use plumbed fixtures. You read items or engraved 13 times, starting on turn 1371. You never genocided any monsters. You never polymorphed an object. You changed form 1 time, starting on turn 5429. You completed Sokoban on turn 3491, according to the rules. You used 1 wish, starting on turn 11192. You wished for your your first artifact on turn 11192. You never split a pudding. You never wrote Elbereth's name. You never violated your personal moral code. Dungeon overview: The Dungeons of Doom: levels 1 to 27 Level 1 a long staircase Level 2 a fountain, a sink stairs to The Gnomish Mines Level 3 (water) a general store, some fountains Level 4 a general store, an altar to Chih Sung-tzu, a fountain Level 5 many fountains Level 6 a fountain stairs to Sokoban Level 7 Level 8 a general store, some fountains Level 9 a fountain Level 10 Level 11 a fountain Level 12 some fountains portal to The Quest Level 13 (vault) a fountain Level 14 Level 15 (white unicorn) a sink Level 16 (rogue) Level 17 a general store, a fountain, some sinks Level 18 some fountains Level 19 a temple to Huan Ti, a fountain Level 20 some fountains Level 21 (white unicorn) a fountain Level 22 Level 23 Level 24 Level 25 (medusa) many trees Level 26 <- You were here Level 27 The Gnomish Mines: levels 3 to 10 Level 3 stairs to The Dungeons of Doom Level 4 Level 5 many shops, a temple to Chih Sung-tzu, a magic chest, some fountains, a sink Level 6 Level 7 Level 8 Level 9 Level 10 many altars to Moloch, a magic chest, some fountains The Quest: Level 1 a temple to Moloch, a magic chest portal to The Dungeons of Doom Sokoban: levels 2 to 5 Level 2 a magic chest Level 3 Level 4 Level 5 an altar to Shan Lai Ching, a magic chest stairs to The Dungeons of Doom History has recorded: On T:1 you entered the Dungeons of Doom to retrieve the Amulet of Yendor! On T:100 you reached level 2 of The Dungeons of Doom. On T:374 you advanced to experience level 2. On T:394 you reached level 1 of The Gnomish Mines. On T:429 you reached level 3 of The Dungeons of Doom. On T:666 you reached level 4 of The Dungeons of Doom. On T:666 you advanced to experience level 3. On T:855 you reached level 5 of The Dungeons of Doom. On T:951 you advanced to experience level 4. On T:1158 you reached level 6 of The Dungeons of Doom. On T:1414 you reached level 4 of Sokoban. On T:1441 you advanced to experience level 5. On T:1558 you opened a magic chest. On T:1685 you reached level 3 of Sokoban. On T:2153 you reached level 2 of Sokoban. On T:2675 you advanced to experience level 6. On T:2690 you reached level 1 of Sokoban. On T:3491 you advanced to experience level 7. On T:3491 you entered the Sokoban zoo. On T:3851 you reached level 2 of The Gnomish Mines. On T:4100 you reached level 3 of The Gnomish Mines. On T:4349 you entered the Minetown temple On T:4351 you advanced to experience level 8. On T:4569 you reached level 4 of The Gnomish Mines. On T:4975 you reached level 5 of The Gnomish Mines. On T:5225 you reached level 6 of The Gnomish Mines. On T:5383 you reached level 7 of The Gnomish Mines. On T:5499 you reached level 8 of The Gnomish Mines. On T:5499 you reached the bottom of the Mines. On T:5550 you advanced to experience level 9. On T:6902 you reached level 7 of The Dungeons of Doom. On T:6938 you reached level 8 of The Dungeons of Doom. On T:7262 you reached level 9 of The Dungeons of Doom. On T:7602 you reached level 10 of The Dungeons of Doom. On T:7921 you reached level 11 of The Dungeons of Doom. On T:7940 you reached level 12 of The Dungeons of Doom. On T:8123 you reached level 13 of The Dungeons of Doom. On T:8200 you reached level 1 of The Quest. On T:8214 you advanced to experience level 10. On T:8756 you reached level 14 of The Dungeons of Doom. On T:9024 you reached level 15 of The Dungeons of Doom. On T:9271 you reached level 16 of The Dungeons of Doom. On T:9271 you entered the Rogue tribute level. On T:9448 you reached level 17 of The Dungeons of Doom. On T:9805 you advanced to experience level 11. On T:10060 you reached level 18 of The Dungeons of Doom. On T:10176 you reached level 19 of The Dungeons of Doom. On T:11179 you prayed to Shan Lai Ching. On T:11192 you wished for "+3 blessed fixed the orb of detection". On T:11806 you reached level 20 of The Dungeons of Doom. On T:12052 you reached level 21 of The Dungeons of Doom. On T:12063 you reached level 22 of The Dungeons of Doom. On T:12870 you reached level 23 of The Dungeons of Doom. On T:12995 you reached level 24 of The Dungeons of Doom. On T:13131 you advanced to experience level 12. On T:13604 you reached level 25 of The Dungeons of Doom. On T:16092 you reached level 26 of The Dungeons of Doom. On T:16181 you reached level 27 of The Dungeons of Doom. On T:16207 you killed Medusa on level 25 of The Dungeons of Doom. Score breakdown: Gold: 1536 ( 153 points) Experience: 12 levels ( 1100 points) Exploration: 27 levels ( 780 points) Discoveries: 65 items ( 2000 points) Variety of kills: 159 monsters ( 2000 points) Major goal: Sokoban/Mines ( 1500 points) Survival: died (score multiplied by 3) Total score: 22599 Latest messages: You strike the invisible stalker! The invisible stalker just misses! You kill the invisible stalker! j - a ring called cold resi. You see here a stalker corpse. The rabid rat misses. You kill the rabid rat! k - 2 red gems. You see here a rabid rat corpse. You stop exploring. You hear a chugging sound. You are hit by a vulgar polearm. You strike the invisible rock troll! The invisible rock troll drinks a potion of healing! The invisible rock troll looks better. You kill the invisible rock troll! There are a few objects here. A minotaur blocks your way. You strike the minotaur! The minotaur punches you! (2x) The minotaur butts! You strike the minotaur! You are beginning to feel hungry. You strike the minotaur! The minotaur punches you! (2x) The minotaur butts! You die... Final status: Goodbye woodfighter the Monk, killed by a minotaur... You died in The Dungeons of Doom on dungeon level 26 with 22599 points, and 1536 pieces of gold, after 16320 moves. You were level 12 with a maximum of 81 hit points when you died.